 Dungeon Crawl Stone Soup version 0.24-a0-537-g2d01d4ab0a (webtiles) character file.

Game seed: 7764451191286567485

80 Firons2 the Chopper (level 4, -2/41 HPs)
             Began as a Hill Orc Monk on Aug 13, 2019.
             Slain by an orc warrior
             ... wielding a +0 flail
              (22 damage)
             ... on level 2 of the Dungeon.
             The game lasted 00:05:54 (2491 turns).

Firons2 the Chopper (Hill Orc Monk)                 Turns: 2491, Time: 00:05:55

Health: -2/41      AC:  4    Str: 14    XL:     4   Next: 39%
Magic:  4/4        EV: 13    Int: 10    God:
Gold:   59         SH:  0    Dex: 13    Spells: 3/3 levels left

rFire    . . .     SeeInvis .   a - +0 hand axe
rCold    . . .     Gourm    .   (no shield)
rNeg     . . .     Faith    .   b - +0 robe
rPois    .         Spirit   .   (no helmet)
rElec    .         Reflect  .   h - +0 cloak
rCorr    .         Harm     .   d - +0 pair of gloves
MR       .....                  (no boots)
Stlth    ++........             (no amulet)
HPRegen  0.13/turn              (no ring)
MPRegen  0.09/turn              (no ring)

@: no status effects
A: no striking features
a: no special abilities


You were on level 2 of the Dungeon.
You were not hungry.

You visited 1 branch of the dungeon, and saw 3 of its levels.

You collected 59 gold pieces.

Inventory:

Hand Weapons
 a - a +0 hand axe (weapon)
Missiles
 f - 75 stones (quivered)
 n - 8 silver javelins
Armour
 b - a +0 robe (worn)
 d - a +0 pair of gloves (worn)
 h - a +0 cloak (worn)
 s - a +0 pair of boots
Scrolls
 e - a scroll of identify
 i - 2 scrolls of remove curse
 l - 2 scrolls of amnesia {unknown}
 o - 2 scrolls of immolation {unknown}
 p - a scroll of noise {unknown}
 q - a scroll of teleportation {unknown}
Potions
 g - 4 potions of flight
 j - a potion of degeneration {unknown}
 k - a potion of mutation {unknown}
 m - a potion of curing {unknown}
Comestibles
 c - 4 rations
 r - 3 chunks of flesh


   Skills:
 * Level 4.8 Fighting
 * Level 5.4 Axes
 - Level 2.6 Dodging
 - Level 1.6 Stealth


You had 3 spell levels left.
You didn't know any spells.
Your spell library contained the following spells:

 Spells                   Type           Power        Failure   Level  Hunger
 Confusing Touch          Hex            #.....       36%         1    ##.....
 Confuse                  Hex            #.......     75%         3    ####...
 Gell's Gravitas          Tloc           #.........   75%         3    ####...
 Petrify                  Tmut/Erth      #.......     98%         4    #####..
 Metabolic Englaciation   Hex/Ice        #.........   100%        5    ######.
 Yara's Violent Unravell  Hex/Tmut       #.........   100%        5    ######.


Dungeon Overview and Level Annotations

Branches:
Dungeon (3/15)

Altars:
Sif Muna


Message History

There is a stone staircase leading down here.
The orc warrior misses you.
There are monsters nearby!
There are monsters nearby!
There are monsters nearby!
You hit the orc warrior but do no damage.
The orc warrior misses you.
You hit the orc warrior but do no damage.
The orc warrior barely misses you.
You closely miss the orc warrior. The orc warrior barely misses you.
You hit the orc warrior.
The orc warrior is lightly wounded.
You hit the orc warrior but do no damage.
The orc warrior is lightly wounded.
The orc warrior barely misses you.
You hit the orc warrior but do no damage.
The orc warrior is lightly wounded.
The orc warrior hits you with a +0 flail!!
Ouch! That really hurt!
You die...

#.####### ..#.....##
.........## ..........#
###### ..........#
#....# ........[.#
#....# ........>.#
#....#
.......o..########....#
.........###..oo@.....#
.............#####....#
....####...### #....#
###.# #...#### #....#
....######....####....#
##...##....##...##....#
.....................##
.#.........###.##....#
.#.#.......# #.......#


You could see an orc warrior and an orc.

Vanquished Creatures
  2 adders (D:2)
  2 oozes (D:1)
  A worm (D:2)
  2 dart slugs (D:1)
  A leopard gecko (D:3)
  2 orcs
  4 giant cockroaches
  8 hobgoblins
  2 jackals (D:2)
  4 kobolds
  A quokka (D:2)
  3 bats
  A frilled lizard (D:2)
  5 goblins
  3 rats
41 creatures vanquished.

Notes
Turn   | Place    | Note
-------+----------+-------------------------------------------
     0 | D:1      | Firons2 the Hill Orc Monk began the quest for the Orb.
     0 | D:1      | Reached XP level 1. HP: 19/19 MP: 1/1
   188 | D:1      | Reached XP level 2. HP: 11/27 MP: 2/2
  1060 | D:1      | Reached XP level 3. HP: 30/33 MP: 3/3
  1411 | D:2      | Reached skill level 5 in Axes
  1605 | D:2      | Found a shimmering blue altar of Sif Muna.
  1710 | D:2      | Reached XP level 4. HP: 22/41 MP: 4/4
  2420 | D:3      | Noticed an orc warrior
  2491 | D:2      | Slain by an orc warrior

Levels and vault maps discovered:
D:1:      wander_arrival_fairy_ring, layout_basic,
          chequers_serial_rivers_room_a, minmay_stone_trees_small,
          minmay_splitting_lines
D:2:      layout_rooms, lemuel_round_altar, minmay_worlds_worst_comb
D:3:      cheibrodos_thug_alley, layout_basic

Skill      XL: |  1  2  3 |
---------------+----------+-----
Fighting       | 4 |  4.8
Axes           | 5 |  5.4
Dodging        | |  2.6
Stealth        | |  1.6

Action                   |  1- 3 |  4- 6 || total
-------------------------+-------+-------++-------
Melee: Hand axe          |    90 |    70 ||   160
  Use: Scroll            |       |     2 ||     2
 Stab: Sleeping          |     2 |       ||     2
  Eat: Chunk             |     2 |     3 ||     5
Armor: Robe              |    12 |    10 ||    22
Dodge: Dodged            |    64 |    49 ||   113

Table legend:
 A = Non-vault XP
 B = Vault XP
 C = Vault XP percentage of total XP
 D = Non-vault monster count
 E = Vault monster count
 F = Vault count percentage of total count
                 A         B        C        D         E       F
            +---------+---------+-------+---------+---------+-------
      Total |     109 |       6 |   5.2 |      38 |       3 |   7.3
            +---------+---------+-------+---------+---------+-------
        D:1 |      35 |       0 |   0.0 |      12 |       0 |   0.0
        D:2 |      55 |       6 |   9.8 |      17 |       3 |  15.0
        D:3 |      19 |       0 |   0.0 |       9 |       0 |   0.0
            +---------+---------+-------+---------+---------+-------
